 Dungeon Crawl Stone Soup version 0.31-a0-348-g810772c3d7 (webtiles) character file.

Game seed: 5102881368237882971

291 AdnanSaban the Covered (level 6, -5/38 HPs)
             Began as a Gargoyle Fighter on July 23, 2023.
             Was an Initiate of Okawaru.
             Slain by a water moccasin (7 damage)
             ... on level 4 of the Dungeon.
             The game lasted 00:03:20 (3091 turns).

AdnanSaban the Covered (Gargoyle Fighter)           Turns: 3091, Time: 00:03:21

Health: -5/38      AC: 11    Str: 21    XL:     6   Next: 32%
Magic:  6/6        EV:  9    Int:  9    God:    Okawaru [......]
Gold:   179        SH:  9    Dex:  9    Spells: 5/5 levels left

rFire   . . .        a - +0 flail
rCold   . . .        c - +0 buckler
rNeg    + . .        b - +0 scale mail
rPois   ∞            (no helmet)
rElec   +            (no cloak)
rCorr   .            (no gloves)
SInv    .            (no boots)
Will    .....        f - amulet of reflection Stlth
                     (no ring)
HPRegen 0.26/turn    (no ring)
MPRegen 0.10/turn

%: reflection
@: no status effects
A: sickness immunity, AC +4, negative energy resistance 1, electricity
resistance, torment resistance 1, petrification resistance
a: Renounce Religion


You were on level 4 of the Dungeon.
You worshipped Okawaru.
Okawaru was noncommittal.
You visited 2 branches of the dungeon, and saw 5 of its levels.

You collected 179 gold pieces.

Inventory:

Hand Weapons
 a - a +0 flail (weapon)
Armour
 b - a +0 scale mail (worn)
 c - a +0 buckler (worn)
Jewellery
 f - an amulet of reflection (around neck)
 g - an amulet of regeneration
 k - a +6 ring of strength
Scrolls
 e - 2 scrolls of noise {unknown}
 m - a scroll of blinking {unknown}
 n - a scroll of enchant armour {unknown}
 o - a scroll of silence {unknown}
 p - a scroll of amnesia {unknown}
Potions
 d - a potion of might
 j - a potion of curing {unknown}
 l - a potion of brilliance


   Skills:
 + Level 4.2 Fighting
 + Level 4.1 Maces & Flails
 + Level 4.5 Armour
 + Level 1.3 Dodging
 + Level 4.2 Shields


You had 5 spell levels left.
You didn't know any spells.
Your spell library contained the following spells:

 Spells                   Type           Power      Damage    Failure   Level
 Ensorcelled Hibernation  Hex/Ice        0%         N/A       89%         2
 Anguish                  Hex/Necr       0%         N/A       100%        4


Dungeon Overview and Level Annotations

Branches:
Dungeon (4/15)             Temple (1/1) D:4

Altars:
Ashenzari
Dithmenos
Elyvilon
Gozag
Hepliaklqana
Kikubaaqudgha
Okawaru
Qazlal
Ru
Trog
Uskayaw
Vehumet
Wu Jian
Yredelemnul
Zin
The Shining One

Shops:
D:2 :


Innate Abilities, Weirdness & Mutations

You are immune to sickness and miasma.
Your stone body is resilient. (AC +4)
You are immune to poison.
You resist negative energy. (rN+)
You are resistant to electric shocks. (rElec)
You are resistant to unholy torment.
You are immune to petrification.


Message History

* * * LOW HITPOINT WARNING * * *
There is an open door here.
Okay, then.
You completely miss the water moccasin.
The water moccasin is lightly wounded.
You block the water moccasin's attack. The water moccasin barely misses you.
You closely miss the water moccasin.
The water moccasin is lightly wounded.
The water moccasin closely misses you. x2
You hit the water moccasin.
The water moccasin is lightly wounded.
The water moccasin barely misses you.
The water moccasin attacks as you move away!
The water moccasin bites you but does no damage.
You block the water moccasin's attack.
You hit the water moccasin but do no damage.
The water moccasin is lightly wounded.
The water moccasin bites you.
* * * LOW HITPOINT WARNING * * *
You barely miss the water moccasin.
The water moccasin is lightly wounded.
The water moccasin bites you but does no damage. x2
You hit the water moccasin.
The water moccasin is moderately wounded.
The water moccasin bites you but does no damage.
The water moccasin bites you.
* * * LOW HITPOINT WARNING * * *
It was a potion of brilliance.
You feel clever all of a sudden.
The water moccasin bites you but does no damage.
It was a potion of enlightenment.
You feel very buoyant.
You fly up into the air.
The water moccasin misses you. You block the water moccasin's attack.
It was a potion of cancellation.
Your magical effects are unravelling.
You feel magically purged.
You float gracefully downwards.
You feel a little less clever now.
Your enlightenment fades.
The water moccasin bites you!
You die...

#.## ##.##.##..# #..# #.#
#.##.##..## ##.)# #.#
#.##......###.#.# #.#
##'#####.........# #.# ###...##
####..###.# #.# #......## #..#
#.# ### ##.## ###'###...##
#..###.# #..
#...###.....#....####......####.#
......#.⌠.⌠.#.<.@S...............
....#.'..>..+....####......####.#
.#.####.⌠.⌠.#...## ##.##.## #.#
.### #.....#..## ####.# #.. .#
###'###.## #.# ### )# #.##'## #.#
.# #....######### #.# <##
####.##......####.# #.##
##.##.##........#


You could see a water moccasin.

Vanquished Creatures
  A hound (D:4)
  A jelly (D:4)
  11 gnolls
  7 adders
  A worm (D:2)
  3 orcs
  11 ball pythons
  6 endoplasms
  2 giant cockroaches (D:1)
  3 goblins
  5 hobgoblins
  2 kobolds
  8 bats
  3 rats
64 creatures vanquished.

Notes
Turn   | Place    | Note
-------+----------+-------------------------------------------
     0 | D:1      | AdnanSaban the Gargoyle Fighter began the quest for the
                  | Orb.
     0 | D:1      | Reached XP level 1. HP: 14/14 MP: 1/1
   138 | D:1      | Reached XP level 2. HP: 11/19 MP: 2/2
   258 | D:1      | Found a faded altar of an unknown god.
   793 | D:2      | Reached XP level 3. HP: 21/23 MP: 3/3
  1319 | D:2      | Found Birorac's Book Shoppe.
  1355 | D:2      | Reached XP level 4. HP: 29/29 MP: 4/4
  1864 | D:3      | Reached XP level 5. HP: 32/33 MP: 5/5
  2355 | D:2      | Reached skill level 1 in Dodging
  2725 | D:4      | Reached XP level 6. HP: 35/38 MP: 6/6
  2792 | D:4      | Found a staircase to the Ecumenical Temple.
  2798 | Temple   | Entered the Ecumenical Temple
  2827 | Temple   | Became a worshipper of Warmaster Okawaru
  3035 | D:4      | Noticed a water moccasin
  3088 | D:4      | HP: 1/38 [water moccasin (4)]
  3091 | D:4      | Slain by a water moccasin

Illustrated notes

Levels and vault maps discovered:
D:1:      giann_forest_graveyard, layout_loops_ring, basic_ecumenical_altar
D:2:      layout_loops_corners, serial_shops, shop
D:3:      layout_basic
D:4:      layout_loops_corners, tgw_sif, nemelex_spade_bored_becter,
          minmay_temple_entry_hall, portal_sewer_entry_f, uniq_sigmund
Temple:   nicolae_temple_elliptical

Skill      XL: |  1  2  3  4  5 |
---------------+----------------+-----
Maces & Flails | 3 4 |  4.1
Armour         | 4 |  4.5
Dodging        | 1 |  1.3
Shields        | 4 |  4.2
Fighting       | 4 |  4.2

Action                     |  1- 3 |  4- 6 || total
---------------------------+-------+-------++-------
  Melee: Flail             |    96 |   214 ||   310
    Use: Potion            |       |     3 ||     3
 Armour: Scale mail        |    46 |   105 ||   151
  Dodge: Dodged            |    37 |    97 ||   134
  Block: Buckler           |    36 |   112 ||   148

Table legend: (Time is in decaauts)
 A = Elapsed time spent in this place.
 B = Non-inter-level travel time spent in this place.
 C = Inter-level travel time spent in this place.
 D = Time resting spent in this place.
 E = Time spent auto-exploring this place.
 F = Levels seen in this place.
 G = Mean time per level.
                   A        B        C        D        E       F      G
               +--------+--------+--------+--------+--------+-----+--------+
         Total |   3182 |   3037 |    145 |    271 |   2059 |   5 |  636.4 |
       Dungeon |   3130 |   3034 |     96 |    271 |   2059 |   4 |  782.5 |
        Temple |     51 |      2 |     49 |      0 |      0 |   1 |   51.0 |
               +--------+--------+--------+--------+--------+-----+--------+

Top non-repeatable levels by time:
     D:2: 1171 daAuts
     D:3: 866 daAuts
     D:1: 758 daAuts
     D:4: 333 daAuts
  Temple: 51 daAuts
